 Dungeon Crawl Stone Soup version 0.31-a0-876-gfe8ebadbca (webtiles) character file.

Game seed: 3214607374024404611

601 CowFu the Changeling (level 7, -6/50 HPs)
             Began as a White Draconian Shapeshifter on Oct 14, 2023.
             Mangled by a wyvern (13 damage)
             ... on level 5 of the Dungeon.
             The game lasted 00:04:40 (3231 turns).

CowFu the Changeling (White Draconian Shapeshifter) Turns: 3231, Time: 00:04:41

Health: -6/50      AC:  6    Str: 18    XL:     7   Next: 18%
Magic:  16/16      EV: 12    Int:  6    God:
Gold:   250        SH:  0    Dex: 10    Spells: 6/6 levels left

rFire   . . .        n - +5 mace "Cumoenin" {vamp, rPois MP+9 Int-5}
rCold   + . .        (no shield)
rNeg    . . .        (body armour unavailable)
rPois   +            (helmet currently unavailable)
rElec   .            (cloak currently unavailable)
rCorr   .            (gloves currently unavailable)
SInv    .            (boots currently unavailable)
Will    .....        (no amulet)
Stlth   +            q - ring of poison resistance
HPRegen 0.28/turn    (no ring)
MPRegen 0.15/turn

%: no passive effects
@: short of breath, beast-form
A: beast (slay +4), breathe frost, AC +6, unfitting armour, cold resistance 1,
cold-blooded, frail 1
a: Breathe Frost, Begin Untransformation


You were on level 5 of the Dungeon.
You were a hulking beast.
You visited 1 branch of the dungeon, and saw 5 of its levels.

You collected 250 gold pieces.

Inventory:

Hand Weapons
 n - the +5 mace "Cumoenin" (weapon) {vamp, rPois MP+9 Int-5}
   (You found it on level 3 of the Dungeon)

   Int-5:     It affects your intelligence (-5).
   rPois:     It protects you from poison MP+9: It affects your magic capacity
   (+9).
Jewellery
 q - a ring of poison resistance (left hand)
Talismans
 b - a beast talisman (active)
 c - a flux talisman
 m - a granite talisman
Scrolls
 d - 2 scrolls of immolation {unknown}
 g - 2 scrolls of acquirement {unknown}
 h - 6 scrolls of identify {unknown}
 i - 2 scrolls of enchant armour {unknown}
 l - a scroll of enchant weapon {unknown}
 p - a scroll of vulnerability {unknown}
 r - a scroll of butterflies {unknown}
Potions
 a - 3 potions of lignification
 e - 4 potions of curing
 f - a potion of degeneration {unknown}
 j - a potion of mutation
 k - a potion of brilliance {unknown}
 o - a potion of haste {unknown}
 s - a potion of attraction {unknown}


   Skills:
 + Level 2.8 Fighting
 + Level 2.8 Dodging
 - Level 3.0 Unarmed Combat
 - Level 7.0 Shapeshifting


You had 6 spell levels left.
You didn't know any spells.
Your spell library was empty.

Dungeon Overview and Level Annotations

Branches:
Dungeon (5/15)
 Temple: D:4-7

Altars:
Elyvilon


Innate Abilities, Weirdness & Mutations

You are a hulking beast.
Your limbs bulge with bestial killing power. (Slay +4)
You can breathe waves of freezing cold which knock back foes.
Your icy white scales are hard. (AC +6)
You cannot fit into any form of body armour.
Your flesh is cold resistant. (rC+)
You are cold-blooded and may be slowed by cold attacks.
You are frail. (-10% HP)


Message History

The iguana barely misses you.
You sock the iguana!
You feel better.
The iguana is severely wounded.
The wyvern misses you. The iguana closely misses you.
The wyvern closely misses you.
You hit the iguana.
You kill the iguana!
The wyvern bites you. The wyvern bites you!
You hit the wyvern but do no damage.
Your tail-slap misses the wyvern.
The wyvern closely misses you. The wyvern bites you!
The scorpion barely misses you.
You are too injured to fight recklessly!
You are too injured to fight recklessly!
Okay, then.
Aiming: Breathe Frost (5% risk of failure)
Press: ? - help, Shift-Dir - straight line, f - wyvern
Aim: a wyvern (68% to hit)
You exhale a wave of freezing cold.
The freezing breath misses the wyvern.
The wyvern misses you. The scorpion closely misses you. The wyvern misses you.
You closely miss the wyvern. The wyvern barely misses you.
The scorpion stings you but does no damage.
The wyvern closely misses you.
The scorpion stings you but does no damage.
You hit the wyvern but do no damage. You tail-slap the wyvern.
The wyvern is lightly wounded.
The wyvern bites you.
* * * LOW HITPOINT WARNING * * *
The scorpion closely misses you. The wyvern closely misses you.
You sock the wyvern!
You feel better.
Your tail-slap misses the wyvern.
The wyvern is heavily wounded.
The scorpion barely misses you. The wyvern barely misses you.
The scorpion stings you but does no damage.
The wyvern closely misses you.
You barely miss the wyvern.
Your tail-slap misses the wyvern.
The wyvern is heavily wounded.
The wyvern bites you!
* * * LOW HITPOINT WARNING * * *
The scorpion stings you but does no damage.
The wyvern bites you!
You die...

... #.#######
....#.#.....##.
....#.#........
..........#
#.......#
#..<....##
.####.#......##
......†.##.....
......sh.......
.<.....#l##....
....... ... ##
....... ..##
....... ...
....... ..##
....... #..
...#.(. ##


You could see a wyvern and a scorpion.

Vanquished Creatures
  Sigmund (D:2)
  An ogre (D:4)
  A phantom (D:4)
  A howler monkey (D:5)
  A jelly (D:5)
  2 iguanas
  Jessica (D:2)
  4 adders (D:2)
  A white imp (D:3)
  2 worms
  A dart slug (D:3)
  9 orcs
  6 endoplasms
  5 giant cockroaches
  9 goblins
  7 hobgoblins
  4 jackals (D:1)
  3 quokkas
  8 ball pythons
  4 bats
  4 frilled lizards
  11 kobolds
  7 rats
93 creatures vanquished.

Notes
Turn   | Place    | Note
-------+----------+-------------------------------------------
     0 | D:1      | CowFu the Draconian Shapeshifter began the quest for the
                  | Orb.
     0 | D:1      | Reached XP level 1. HP: 16/16 MP: 1/1
   165 | D:1      | Reached XP level 2. HP: 23/23 MP: 2/2
   458 | D:1      | Reached skill level 4 in Shapeshifting
   639 | D:1      | Reached XP level 3. HP: 26/28 MP: 3/3
   953 | D:2      | Noticed Jessica
   959 | D:2      | Killed Jessica
   960 | D:2      | Reached XP level 4. HP: 31/35 MP: 4/4
  1079 | D:2      | Gained mutation: You are frail. (-10% HP) [potion of
                  | mutation]
  1090 | D:2      | Reached skill level 5 in Shapeshifting
  1294 | D:2      | Noticed Sigmund
  1305 | D:2      | Killed Sigmund
  1306 | D:2      | Reached skill level 6 in Shapeshifting
  1306 | D:2      | Reached XP level 5. HP: 29/36 MP: 5/5
  1796 | D:3      | Reached XP level 6. HP: 42/42 MP: 6/6
  2098 | D:3      | Identified the +5 mace "Cumoenin" {vamp, rPois MP+9 Int-5}
  2670 | D:4      | Reached skill level 7 in Shapeshifting
  3062 | D:4      | Found a white marble altar of Elyvilon.
  3212 | D:5      | Entered Level 5 of the Dungeon
  3217 | D:5      | Your scales start taking on an icy white colour.
  3217 | D:5      | Reached XP level 7. HP: 46/50 MP: 7/7
  3217 | D:5      | Gained mutation: Your flesh is cold resistant. (rC+) [White
                  | Draconian growth]
  3221 | D:5      | Noticed a wyvern
  3231 | D:5      | Mangled by a wyvern

Illustrated notes

Levels and vault maps discovered:
D:1:      dpeg_arrival_refuge, layout_basic
D:2:      layout_rooms, minmay_bisected, uniq_sigmund, uniq_jessica
D:3:      minmay_thinvault, layout_rooms, grunt_ministairs_12,
          minmay_misc_feat_ornament
D:4:      layout_loops_ring, amcnicky_altar_gilded, kennysheep_minor_cross
D:5:      layout_rooms, general_overflow_altar,
          minmay_temple_entry_statues_fountains, serial_bayou_lagoon_a,
          uniq_crazy_yiuf_cottage

Skill      XL: |  1  2  3  4  5  6 |
---------------+-------------------+-----
Shapeshifting  | 4 6 7 |  7.0
Fighting       | 2 |  2.8
Dodging        | 2 |  2.8
Unarmed Combat | |  3.0

Action                     |  1- 3 |  4- 6 |  7- 9 || total
---------------------------+-------+-------+-------++-------
  Melee: Unarmed           |   126 |    63 |       ||   189
         Tailslap          |    10 |     8 |     2 ||    20
         Punch             |     2 |     1 |       ||     3
         Mace              |       |    65 |    12 ||    77
Ability: Breathe Frost     |       |       |     1 ||     1
    Use: Potion            |       |     3 |       ||     3
   Stab: Sleeping          |       |     3 |       ||     3
 Armour: Skin              |    66 |    56 |    16 ||   138
  Dodge: Dodged            |    76 |    84 |    19 ||   179

Table legend: (Time is in decaauts)
 A = Elapsed time spent in this place.
 B = Non-inter-level travel time spent in this place.
 C = Inter-level travel time spent in this place.
 D = Time resting spent in this place.
 E = Time spent auto-exploring this place.
 F = Levels seen in this place.
 G = Mean time per level.
                   A        B        C        D        E       F      G
               +--------+--------+--------+--------+--------+-----+--------+
         Total |   3251 |   3124 |    127 |      0 |   2545 |   5 |  650.2 |
       Dungeon |   3251 |   3124 |    127 |      0 |   2545 |   5 |  650.2 |
               +--------+--------+--------+--------+--------+-----+--------+

Top non-repeatable levels by time:
     D:3: 974 daAuts
     D:1: 801 daAuts
     D:4: 734 daAuts
     D:2: 717 daAuts
     D:5: 24 daAuts
